 Dungeon Crawl Stone Soup version 0.17.1-1-g73c8601 (webtiles) character file.

11403 dorian the Destroyer (level 11, -18/62 HPs)
             Began as an Octopode Conjurer on Dec 12, 2015.
             Was a Follower of Vehumet.
             Demolished by a spiny frog (22 damage)
             ... on level 3 of the Lair of Beasts.
             The game lasted 00:37:41 (14829 turns).

dorian the Destroyer (Octopode Conjurer)           Turns: 14829, Time: 00:37:43

Health: -18/62     AC:  6    Str: 10    XL:     11   Next: 77%
Magic:  12/24      EV: 12    Int: 26    God:    Vehumet [*.....]
Gold:   357        SH:  0    Dex: 12    Spells: 4 memorised, 18 levels left

rFire  . . .     SeeInvis .     F - +6 hunting sling "Mizxikki" {freeze, rPois Int+2}
rCold  . . .     Clarity  .     (no shield)
rNeg   + . .     SustAt   .     (helmet restricted)
rPois  +         Gourm    .     m - amulet of rage
rElec  .         Spirit   .     u - ring of wizardry
rCorr  .         Warding  .     v - +3 ring of intelligence
rMut   .         Stasis   .     y - +2 ring of protection
MR     .....                    q - ring of positive energy
Stlth  +++.......               M - ring of invisibility
                                (no ring)
                                (no ring)
                                (no ring)

@: lethally poisoned (-18 -> -35), not resistant to hostile enchantments, fairly
stealthy
A: almost no armour, amphibious, 8 rings, constrict 8, rugged brown scales 1,
slimy green scales 1, camouflage 1, strong 1, gelatinous body 1
a: Renounce Religion, Evoke Berserk Rage, Evoke Invisibility


You were on level 3 of the Lair of Beasts.
You worshipped Vehumet.
Vehumet was aware of your devotion.
You were not hungry.

You visited 3 branches of the dungeon, and saw 13 of its levels.
You also visited: Ossuary.

You collected 646 gold pieces.
You spent 289 gold pieces at shops.

Inventory:

Hand Weapons
 i - a +0 dagger of freezing
 s - a +2 dagger of venom
 x - a +4 spear
 F - the +6 hunting sling "Mizxikki" (weapon) {freeze, rPois Int+2}
   (You found it on level 9 of the Dungeon)

   It causes projectiles fired from it to freeze those they strike, causing
   extra injury to most foes and up to half again as much damage against
   particularly susceptible opponents.
   They can also slow down cold-blooded creatures.
   It affects your intelligence (+2).
   It protects you from poison.
 I - the +7 great mace "Firestarter" {inner flame, rF++}
   (You found it on level 5 of the Dungeon)

   It has been specially enchanted to burn those struck by it, causing extra
   injury to most foes and up to half again as much damage against particularly
   susceptible opponents.
   It greatly protects you from fire.
 S - a +0 blowgun
Missiles
 c - 4 curare-tipped needles
 G - 386 stones (quivered)
Jewellery
 f - an uncursed ring of teleportation
 m - an amulet of rage (around mantle)
 q - a ring of positive energy (on tentacle)
 u - a ring of wizardry (left tentacle)
 v - a +3 ring of intelligence (right tentacle)
 y - a +2 ring of protection (on tentacle)
 M - a ring of invisibility (on tentacle)
Wands
 E - a wand of polymorph (22)
 N - a wand of confusion (18)
 O - a wand of polymorph (7)
 P - a wand of paralysis (7)
 Q - a wand of cold (2)
Scrolls
 d - 2 scrolls of fog
 g - 3 scrolls of amnesia
 h - a scroll of recharging {unknown}
 j - 2 scrolls of identify
 k - 7 scrolls of remove curse
 p - 4 scrolls of fear
 t - 4 scrolls of magic mapping
 D - 4 scrolls of teleportation
 H - 2 scrolls of blinking
 K - a scroll of enchant weapon
 T - 2 scrolls of immolation
Potions
 e - 5 potions of heal wounds
 n - 2 potions of haste
 o - 2 potions of mutation
 r - a potion of invisibility
 w - 4 potions of curing
 B - a potion of flight
 C - 3 potions of agility
 J - a potion of brilliance
 L - 2 potions of might
Books
 a - a book of Conjurations

   Spells                             Type                      Level
   a - Magic Dart                     Conjuration                  1
   b - Searing Ray                    Conjuration                  2
   c - Dazzling Spray                 Conjuration/Hexes            3
   d - Fulminant Prism                Conjuration/Hexes            4
   e - Iskenderun's Mystic Blast      Conjuration                  4
   f - Iskenderun's Battlesphere      Conjuration/Charms           5
 A - a book of Beasts

   Spells                             Type                      Level
   a - Summon Butterflies             Summoning                    1
   b - Call Canine Familiar           Summoning                    3
   c - Summon Ice Beast               Ice/Summoning                4
   d - Summon Mana Viper              Hexes/Summoning              5
   e - Summon Hydra                   Summoning                    7
 R - a book of Cantrips

   Spells                             Type                      Level
   a - Corona                         Hexes                        1
   b - Animate Skeleton               Necromancy                   1
   c - Summon Small Mammal            Summoning                    1
   d - Apportation                    Translocation                1
Comestibles
 b - 9 bread rations
 l - 3 meat rations


   Skills:
 - Level 2.0 Dodging
 - Level 2.6 Stealth
 + Level 9.6 Spellcasting
 * Level 14.5 Conjurations
 - Level 4.0 Charms


You had 18 spell levels left.
You knew the following spells:

 Your Spells              Type           Power        Failure   Level  Hunger
a - Magic Dart            Conj           ####         0%          1    None
b - Searing Ray           Conj           ######       1%          2    None
c - Iskenderun's Battles  Conj/Chrm      ######..     1%          5    ####...
d - Dazzling Spray        Conj/Hex       ######..     1%          3    None


Dungeon Overview and Level Annotations

Branches:
Dungeon (9/15)             Temple (1/1) D:7            Lair (3/8) D:8
  Swamp: Lair:3-6    Shoals: Lair:3-6     Snake: Lair:3-6    Spider: Lair:3-6
    Orc: D:9-12

Altars:
Ashenzari
Cheibriados
Dithmenos
Elyvilon
Fedhas
Gozag
Kikubaaqudgha
Makhleb
Nemelex Xobeh
Okawaru
Qazlal
Ru
Sif Muna
Trog
Vehumet
Xom
Yredelemnul
Zin
The Shining One

Shops:
D:7 *   D:9 ?


Innate Abilities, Weirdness & Mutations

You cannot wear most types of armour.
You are amphibious.
You can wear up to eight rings at the same time.
You can use your tentacles to constrict eight enemies at once.
Your skin changes colour to match your surroundings (Stealth).
Your rubbery body absorbs attacks (AC +1).
You are partially covered in rugged brown scales (AC +1, +3% HP).
You are partially covered in slimy green scales (AC +2).
Your muscles are strong. (Str +2)


Message History

The spray of energy hits the elephant.
The elephant is heavily wounded.
The elephant is dazzled.
The spray of energy hits the spiny frog.
The spiny frog is moderately wounded.
You feel very sick.
Your battlesphere fires!
The barrage of energy hits the elephant.
The elephant is severely wounded.
The spiny frog stings you but does no damage.
The elephant misses you. The elephant barely misses you.
Drink which item? (? for menu, Esc to quit)
You feel better. The spiny frog stings you!
* * * LOW HITPOINT WARNING * * *
You are poisoned.
The spiny frog poisons you! The elephant tramples you!
* * * LOW HITPOINT WARNING * * *
You hold your ground!
The elephant closely misses you. The spiny frog stings you!!
You die...

#.......# ♣..........♣
##.......♣♣♣..######..♣
#.......♣.♣♣..#...⌠#..♣
#.............#....'..♣
#............#.<..'..♣
#.........*..#....'..♣
#........♣♣..#...⌠#..♣
#.......♣♣♣..######..♣
#.....YY♣ ♣..*F@.....♣
#......Y.♣ ♣...Y......♣
##.....Y.♣ ♣♣♣♣♣♣♣♣♣♣♣♣
#.......Y. #P....YH...
##......#...
............


You could see an elephant (blind) and a spiny frog.

Vanquished Creatures
  Sonja (Lair:2)
  A hill giant (D:8)
  A griffon (Lair:3)
  The ghost of Nicoed the Changer, a novice OpTm of Makhleb (D:6)
  3 elephants (Lair:1)
  2 black mambas
  2 spiny frogs (Lair:1)
  3 komodo dragons
  Prince Ribbit (D:7)
  A troll (D:8)
  Sigmund (D:3)
  A deep elf mage (D:6)
  A spriggan (D:7)
  6 yaks
  2 hippogriffs
  A hungry ghost (D:8)
  4 water moccasins
  4 wolves (Lair:2)
  2 porcupines (Lair:1)
  3 ice beasts
  2 orc warriors
  5 ogres
  A black bear (D:6)
  A phantom (D:8)
  A sky beast (D:6)
  3 centaurs
  A crocodile (Lair:2)
  An elf zombie (Ossuary)
  A big kobold (D:8)
  6 giant frogs
  A gnoll sergeant (D:7)
  2 scorpions
  A killer bee (D:6)
  3 crimson imps
  2 jellies
  A centaur zombie (D:8)
  2 quasits
  2 orc priests
  6 orc wizards
  A giant frog zombie (D:4)
  2 giant frog skeletons (D:4)
  4 hounds
  3 iguanas (Lair:2)
  7 worker ants
  3 mummies (Ossuary)
  3 hound skeletons
  Robin (D:2)
  5 adders
  A worker ant zombie (D:4)
  16 river rats
  A shadow imp (D:4)
  2 oozes (D:2)
  2 adder zombies
  3 worms
  7 giant geckos
  27 orcs
  2 ball pythons
  6 giant cockroaches
  14 goblins
  16 hobgoblins
  15 kobolds
  2 quokkas
  14 bats
  2 giant cockroach zombies
  2 giant gecko skeletons
  2 giant gecko zombies
  3 giant newts
  A goblin zombie (Ossuary)
  4 hobgoblin zombies (Ossuary)
  8 jackals
  A jackal zombie (D:4)
  4 quokka zombies (Ossuary)
  7 rats
  7 rat zombies (Ossuary)
  A fungus (Lair:3)
282 creatures vanquished.

Vanquished Creatures (others)
  An orc priest (D:7)
  An orc wizard (D:7)
  A bush (Lair:2)
  3 fungi
6 creatures vanquished.

Grand Total: 288 creatures vanquished

Notes
Turn   | Place    | Note
--------------------------------------------------------------
     0 | D:1      | dorian the Octopode Conjurer began the quest for the Orb.
     0 | D:1      | Reached XP level 1. HP: 11/11 MP: 3/3
    88 | D:1      | Reached XP level 2. HP: 17/17 MP: 0/5
   560 | D:1      | Reached XP level 3. HP: 21/21 MP: 3/6
  1049 | D:2      | Reached skill level 5 in Conjurations
  1205 | D:2      | Noticed Robin
  1214 | D:2      | Killed Robin
  1214 | D:2      | Reached XP level 4. HP: 18/27 MP: 1/7
  1874 | D:3      | Learned a level 2 spell: Searing Ray
  2028 | D:3      | Reached XP level 5. HP: 28/31 MP: 2/9
  2174 | D:3      | Found a faded altar to an unknown god.
  2178 | D:3      | Noticed Sigmund
  2187 | D:3      | Killed Sigmund
  2187 | D:3      | Reached skill level 6 in Conjurations
  2187 | D:3      | Reached XP level 6. HP: 12/36 MP: 2/11
  2996 | D:4      | Reached skill level 7 in Conjurations
  3293 | D:4      | Reached XP level 7. HP: 39/41 MP: 7/13
  3718 | D:4      | You fall through a shaft for 3 floors!
  3950 | D:7      | Found a staircase to the Ecumenical Temple.
  4131 | Temple   | Entered the Ecumenical Temple
  4257 | D:7      | Noticed a hippogriff
  4264 | D:7      | Killed a hippogriff
  4477 | D:7      | Reached skill level 8 in Conjurations
  4532 | D:7      | Noticed Prince Ribbit
  4543 | D:7      | Reached XP level 8. HP: 24/46 MP: 10/15
  4731 | D:7      | Killed Prince Ribbit
  4731 | D:7      | Reached skill level 5 in Spellcasting
  4915 | D:7      | Reached skill level 9 in Conjurations
  5083 | D:7      | Found Jihiavun's General Store.
  5088 | D:7      | Bought a potion of haste for 100 gold pieces
  5088 | D:7      | Bought a scroll of fog for 20 gold pieces
  5119 | D:7      | Noticed a spriggan baker
  5124 | D:7      | Killed a spriggan baker
  5474 | D:8      | Learned a level 5 spell: Iskenderun's Battlesphere
  5749 | D:8      | Found a staircase to the Lair.
  5800 | D:8      | Noticed a hill giant
  5800 | D:8      | Noticed a troll
  5928 | D:8      | Reached skill level 10 in Conjurations
  5928 | D:8      | Reached XP level 9. HP: 41/51 MP: 8/18
  6123 | D:8      | Killed a hill giant
  6411 | D:8      | Killed a troll
  6497 | D:8      | Reached skill level 11 in Conjurations
  6981 | D:9      | Found Ettapran's Magic Scroll Shop.
  6984 | D:9      | Bought a scroll of fear for 38 gold pieces
  6984 | D:9      | Bought a scroll of teleportation for 33 gold pieces
  6984 | D:9      | Bought a scroll of magic mapping for 38 gold pieces
  6984 | D:9      | Bought a scroll of identify for 22 gold pieces
  6984 | D:9      | Bought a scroll of amnesia for 38 gold pieces
  7048 | D:9      | Got a warped hunting sling
  7049 | D:9      | Identified the +6 hunting sling "Mizxikki" {freeze, rPois Int+2} (You found it on level 9 of the Dungeon)
  7274 | D:5      | Entered Level 5 of the Dungeon
  7421 | D:5      | Found a sand-covered staircase.
  7430 | Ossuary  | Entered an ossuary
  7438 | Ossuary  | Reached XP level 10. HP: 56/56 MP: 10/21
  7824 | Ossuary  | Learned a level 3 spell: Dazzling Spray
  7845 | D:5      | Reached skill level 12 in Conjurations
  9403 | D:6      | Noticed Nicoed's ghost (novice OpTm)
  9537 | D:6      | Killed Nicoed's ghost
 10137 | D:6      | Found a stormy altar of Qazlal.
 10881 | D:6      | Found a radiant altar of Vehumet.
 10889 | D:6      | Became a worshipper of Vehumet
 10895 | D:6      | Found a sparkling altar of Nemelex Xobeh.
 10900 | D:6      | Found a basalt altar of Yredelemnul.
 11010 | Lair:1   | Entered Level 1 of the Lair of Beasts
 11022 | D:8      | Gained mutation: Your muscles are strong. (Str +2) [potion of mutation]
 11022 | D:8      | Gained mutation: You are partially covered in slimy green scales (AC +2). [potion of mutation]
 11022 | D:8      | Gained mutation: You are partially covered in rugged brown scales (AC +1, +3% HP). [potion of mutation]
 11042 | Lair:1   | Reached skill level 13 in Conjurations
 11871 | Lair:1   | Reached skill level 1 in Charms
 11871 | Lair:1   | Reached XP level 11. HP: 62/62 MP: 5/23
 12286 | Lair:1   | Noticed an elephant
 12297 | Lair:1   | Noticed an elephant
 12302 | Lair:1   | Noticed an elephant
 12303 | Lair:1   | Noticed an elephant
 12447 | Lair:1   | Killed an elephant
 12561 | Lair:1   | Killed an elephant
 12678 | Lair:1   | Killed an elephant
 13435 | Lair:2   | Noticed Sonja
 13450 | Lair:2   | Reached skill level 14 in Conjurations
 14003 | Lair:2   | Reached * piety under Vehumet
 14003 | Lair:2   | Offered knowledge of Sting by Vehumet.
 14032 | Lair:2   | Killed Sonja
 14829 | Lair:3   | Demolished by a spiny frog

Action                   |  1- 3 |  4- 6 |  7- 9 | 10-12 || total
-------------------------+-------+-------+-------+-------++-------
Melee: Unarmed           |     9 |       |       |       ||     9
       Dagger            |    36 |    65 |    21 |       ||   122
 Fire: Hunting sling     |       |       |       |    80 ||    80
 Cast: Magic Dart        |    60 |    92 |    99 |   123 ||   374
       Searing Ray       |       |     2 |    31 |    40 ||    73
       Iskenderun's Batt |       |       |    15 |    43 ||    58
       Dazzling Spray    |       |       |       |    54 ||    54
Evoke: Wand              |       |       |       |     5 ||     5
  Use: Potion            |       |       |     1 |     5 ||     6
       Scroll            |       |       |       |    16 ||    16
 Stab: Sleeping          |     6 |     3 |       |       ||     9
  Eat: Chunk             |     1 |     7 |    13 |    16 ||    37
       Meat ration       |       |       |     1 |       ||     1
       Fruit             |       |       |       |     8 ||     8
       Beef jerky        |       |       |       |     1 ||     1
       Bread ration      |       |       |       |     1 ||     1
